Map: Ruins of Seras

Players

TheAlchemist

  • Race: Zerg Zerg
  • League: Platinum

MorN - Winner!

  • Race: Terran Terran

VOD

Have the link to the VOD?

Description

Time

  • Played on: Nov. 17, 2015, 12:49 a.m.
  • Length: 9:15
Show
View Real Time Build Order
Export as new Build Order

TheAlchemist Zerg 

Build Orders: Hatch First 

Get SALT Encoding   

  12  0:01  Drone  
  13  0:13  Overlord  
  13  0:18  Drone  
  14  0:32  Drone x2  
  16  0:58  Hatchery  
  15  1:07  Spawning Pool  
  15  1:10  Extractor  
  13  1:13  Drone  
  13  1:17  Drone  
  15  1:20  Drone  
  15  1:24  Drone  
  17  1:36  Drone  
  18  1:48  Drone  
  19  2:00  Queen  
  21  2:04  Drone  
  22  2:11  Drone  
  22  2:12  Queen  
  24  2:17  Overlord  
  24  2:21  Metabolic Boost  
  24  2:36  Drone x2  
  25  2:55  Drone x3  
  28  2:59  Drone x2  
  30  3:06  Drone  
  30  3:08  Drone  
  30  3:10  Spine Crawler  
  30  3:29  Drone x3  
  30  3:30  Drone, Spine Crawler  
  30  3:31  Overlord  
  30  3:33  Lair  
  33  3:40  Drone  
  34  3:51  Zergling x4  
  34  3:52  Zergling x8  
  40  3:56  Drone x2  
  42  4:03  Drone x2  
  42  4:08  Extractor  
  43  4:11  Overlord  
  43  4:28  Overlord x2  
  43  4:29  Drone  
  44  4:32  Spore Crawler  
  44  4:34  Spore Crawler  
  44  4:35  Drone x4  
  44  4:36  Drone x2  
  48  4:38  Extractor  
  48  4:39  Extractor  
  48  4:43  Spore Crawler  
  48  4:45  Spore Crawler  
  42  4:56  Spore Crawler  
  38  5:08  Drone x4  
  38  5:09  Drone x2  
  44  5:26  Drone  
  39  5:30  Drone  
  38  5:40  Drone x3  
  41  5:47  Drone x3, Spire  
  41  5:48  Drone x3  
  46  5:51  Zergling x2  
  46  5:54  Overseer  
  47  6:02  Overlord  
  47  6:21  Drone x3  
  47  6:22  Drone, Overlord  
  51  6:30  Overlord  
  51  6:31  Hatchery, Drone x2  
  51  6:32  Drone  
  53  6:42  Spore Crawler  
  52  7:00  Mutalisk  
  52  7:01  Mutalisk x6  
  66  7:18  Zergling x6  
  66  7:19  Zergling x6  
  72  7:26  Hatchery  
  65  7:48  Baneling Nest  
  64  7:53  Evolution Chamber, Zergling x2  
  64  7:54  Zergling x18  
  64  7:56  Evolution Chamber  
  66  8:27  Zergling x14  
  68  8:28  Zergling x8  
  68  8:29  Overlord x3  
  77  8:35  Baneling x3  
  77  8:36  Baneling x6  
  77  8:37  Baneling x5  
  77  8:38  Baneling x6  
  77  8:39  Baneling x2  
  77  8:46  Overlord  
Show
View Real Time Build Order
Export as new Build Order

MorN Terran - Winner!

Build Orders: Liberator Opening, Reaper Expand, MMM Bio 

Get SALT Encoding   

  12  0:00  SCV  
  13  0:13  SCV  
  14  0:18  Supply Depot  
  14  0:25  SCV  
  15  0:39  SCV  
  15  0:40  Barracks  
  16  0:47  Refinery  
  16  0:52  SCV  
  17  1:04  SCV  
  18  1:16  SCV  
  19  1:28  Orbital Command  
  19  1:29  Reaper  
  20  1:44  Command Center  
  20  1:52  Supply Depot  
  20  1:55  SCV  
  21  2:16  Reaper  
  21  2:18  SCV  
  23  2:25  Factory  
  23  2:32  SCV  
  23  2:35  Refinery  
  24  2:44  SCV  
  25  2:55  Barracks Reactor  
  25  2:56  SCV, Orbital Command  
  26  3:08  SCV  
  26  3:11  Starport  
  27  3:20  SCV  
  27  3:25  SCV  
  28  3:32  SCV  
  29  3:35  Liberator  
  29  3:38  SCV, Barracks Tech Lab  
  29  3:39  Hellion x2  
  34  3:45  SCV  
  35  3:50  SCV  
  35  3:54  Command Center  
  39  3:57  SCV  
  39  4:01  Hellion x2  
  39  4:02  SCV  
  45  4:03  Supply Depot, Stimpack  
  45  4:04  Marine  
  46  4:25  SCV  
  46  4:27  Hellion x2, Marine  
  46  4:28  SCV  
  52  4:37  SCV  
  53  4:40  SCV  
  53  4:41  Starport Reactor  
  53  4:43  Supply Depot  
  54  4:51  Barracks  
  54  4:54  SCV x2  
  54  4:59  Engineering Bay  
  54  5:00  Engineering Bay  
  54  5:01  Factory Reactor  
  54  5:05  Marine  
  54  5:06  SCV x2  
  57  5:09  Orbital Command  
  57  5:11  Barracks  
  57  5:18  SCV x2  
  57  5:19  Medivac x2  
  63  5:26  Refinery  
  63  5:28  Supply Depot  
  63  5:29  Terran Infantry Armor Level 1  
  63  5:30  SCV x2  
  63  5:33  Terran Infantry Weapons Level 1  
  63  5:35  SCV  
  66  5:39  Refinery  
  66  5:43  SCV x2, Marine x2  
  66  5:44  Marine  
  66  5:47  SCV  
  66  5:48  Factory Reactor  
  72  5:55  SCV x2  
  74  5:59  SCV  
  74  6:01  Marine x2  
  74  6:02  Barracks  
  77  6:04  Barracks  
  77  6:07  SCV x2  
  80  6:11  Orbital Command  
  80  6:13  Supply Depot  
  79  6:19  SCV  
  79  6:21  SCV  
  79  6:24  Supply Depot, Marine x2  
  79  6:25  Combat Shields, Marine x2  
  85  6:33  Supply Depot  
  85  6:34  Marine  
  86  6:40  Supply Depot  
  86  6:41  Supply Depot  
  86  6:42  Marine x4  
  86  6:43  Widow Mine  
  86  6:45  Widow Mine  
  94  6:49  SCV x2  
  94  6:52  Marine  
  94  6:53  SCV  
  98  6:56  Supply Depot  
  98  6:58  Supply Depot  
  98  7:00  Marine x2  
  100  7:01  SCV  
  100  7:02  Barracks Reactor  
  100  7:05  Supply Depot  
  100  7:06  Armory, Marine x2  
  100  7:07  Medivac x2  
  100  7:08  SCV x2, Barracks Reactor  
  109  7:10  Marine  
  109  7:13  SCV  
  109  7:14  Widow Mine x2  
  115  7:20  SCV  
  116  7:23  SCV, Liberator x2  
  116  7:25  SCV, Refinery  
  116  7:27  Supply Depot  
  118  7:30  Missile Turret  
  118  7:32  Missile Turret  
  118  7:33  Missile Turret  
  118  7:34  Missile Turret  
  118  7:35  Marine x5  
  120  7:41  SCV  
  120  7:42  SCV  
  128  7:47  Supply Depot  
  128  7:52  Marine x2  
  130  8:02  Marine x3  
  133  8:06  Marine x2, Liberator x2  
  133  8:08  Marine x2  
  133  8:12  SCV x2, Barracks x2  
  139  8:13  Barracks  
  139  8:14  Supply Depot  
  139  8:25  Widow Mine x2  
  139  8:26  Marine x5  
  154  8:29  SCV x2  
  154  8:30  Supply Depot  
  156  8:36  Factory, Marine  
  156  8:37  Marine  
  158  8:45  Marine x4  
  162  8:49  Supply Depot  
  165  9:05  Barracks Reactor x2, Barracks Tech Lab  
Tags
 
Add a new tag
Caveats
  • Supply blocks, unpowered buildings, or Contaminate may cause inaccurate times.
  • Supply counts are checked every 10 seconds.